 Dungeon Crawl Stone Soup version 0.27.1-33-g824d729ab1 (webtiles) character file.

Game seed: 8559493547421875374

16 dianekeaton the Chopper (level 2, 0/26 HPs)
             Began as a Hill Orc Fighter on Dec 9, 2021.
             Succumbed to a goblin's poison
             ... on level 1 of the Dungeon.
             The game lasted 00:01:41 (806 turns).

dianekeaton the Chopper (Hill Orc Fighter)           Turns: 806, Time: 00:01:42

Health: 0/26       AC:  6    Str: 18    XL:     2   Next: 58%
Magic:  2/2        EV:  7    Int:  8    God:
Gold:   13         SH:  9    Dex: 10    Spells: 1/1 levels left

rFire    . . .     SeeInvis .   a - +0 war axe
rCold    . . .     Faith    .   c - +0 kite shield
rNeg     . . .     Spirit   .   b - +0 scale mail
rPois    .         Reflect  .   (no helmet)
rElec    .         Harm     .   (no cloak)
rCorr    .         Rampage  .   (no gloves)
Will     .....                  (no boots)
Stlth    ..........             (no amulet)
HPRegen  0.08/turn              (no ring)
MPRegen  0.08/turn              (no ring)

@: mighty, lethally poisoned (0 -> -1), hasted, very quick
A: no striking features
a: no special abilities


You were on level 1 of the Dungeon.
You visited 1 branch of the dungeon, and saw 1 of its levels.

You collected 13 gold pieces.

Inventory:

Hand Weapons
 a - a +0 war axe (weapon)
Armour
 b - a +0 scale mail (worn)
 c - a +0 kite shield (worn)
Potions
 h - a potion of haste


   Skills:
 - Level 3.6 Fighting
 + Level 4.1 Axes
 - Level 3.2 Armour
 - Level 3.2 Shields


You had one spell level left.
You didn't know any spells.
Your spell library was empty.

Dungeon Overview and Level Annotations

Branches:
Dungeon (1/15)

Altars:


Message History

You hit the goblin.
The goblin is heavily wounded.
You feel very sick. The goblin hits you but does no damage.
You are lethally poisoned!
You slash the goblin!
You kill the goblin!
You feel very sick.
No target in view!
It was a potion of cancellation.
You feel magically purged.
You feel very sick.
It was a potion of haste.
You feel yourself speed up.
You feel very sick.
You feel very mighty all of a sudden.
* * * LOW HITPOINT WARNING * * *
You feel sick.
As you read the scroll labelled ZIRGHI YFEANA, it crumbles to dust.
You feel strangely unstable.
It was a scroll of teleportation.
* * * LOW HITPOINT WARNING * * *
You feel sick.
As you read the scroll labelled VETWET SIHUAS, it crumbles to dust.
You assume a fearsome visage.
The bush is unaffected. x5
It was a scroll of fear.
* * * LOW HITPOINT WARNING * * *
You feel sick.
* * * LOW HITPOINT WARNING * * *
You feel sick.
* * * LOW HITPOINT WARNING * * *
You feel sick.
* * * LOW HITPOINT WARNING * * *
You feel sick.
* * * LOW HITPOINT WARNING * * *
You feel sick.
Your surroundings suddenly seem different.
A quokka and an endoplasm come into view.
Found a potion of cancellation.
Found a faded altar of an unknown god.
The endoplasm quivers.
* * * LOW HITPOINT WARNING * * *
You feel sick. You block the quokka's attack.
You die...

#.#.#############.#
#.# ## ### .. ##
#.##### .. #.....
## #...J# #._..#
#.!@.# #⌠r..#
#..#..# #.##.## #.
#.# # #.. ##. .# .#


You could see an endoplasm and a quokka.

Vanquished Creatures
  2 endoplasms (D:1)
  A giant cockroach (D:1)
  3 goblins (D:1)
  4 kobolds (D:1)
  3 ball pythons (D:1)
  A bat (D:1)
  A rat (D:1)
15 creatures vanquished.

Vanquished Creatures (others)
  A plant (D:1)
1 creature vanquished.

Grand Total: 16 creatures vanquished

Notes
Turn   | Place    | Note
-------+----------+-------------------------------------------
     0 | D:1      | dianekeaton the Hill Orc Fighter began the quest for the
                  | Orb.
     0 | D:1      | Reached XP level 1. HP: 19/19 MP: 1/1
    33 | D:1      | Reached skill level 3 in Axes
   449 | D:1      | Reached XP level 2. HP: 22/26 MP: 2/2
   690 | D:1      | Reached skill level 4 in Axes
   804 | D:1      | Found a faded altar of an unknown god.
   805 | D:1      | HP: 1/26 [poisoned by a goblin]
   806 | D:1      | Succumbed to a goblin's poison

Illustrated notes

Levels and vault maps discovered:
D:1:      wander_arrival_fairy_ring, layout_loops_ring, serial_forest,
          infiniplex_forest_diagonal, infiniplex_forest_fountain,
          infiniplex_forest_clump_medium, infiniplex_forest_clump_double,
          infiniplex_forest_straight_2, ebering_ecumenical_altar_abandoned

Skill      XL: |  1  2 |
---------------+-------+-----
Axes           | 3 4 |  4.1
Fighting       | |  3.6
Armour         | |  3.2
Shields        | |  3.2

Action                   || total
-------------------------++-------
Melee: War axe           ||    48
  Use: Potion            ||     3
       Scroll            ||     2
Armor: Scale mail        ||    18
Dodge: Dodged            ||    12
Block: Kite shield       ||    39
